3A
PROVO MANGO @ GRAND FORKS CATERPILLARS
07/03/2023
 
TOP OF THE 1ST
Provo Mango batting - Pitching for Grand Forks Caterpillars : RHP Luis Villabos
Pitching: RHP Luis Villabos
Batting: SHB Pedro Vásquez 0-0: Foul Ball, location: 2F
0-1: Ball
1-1: Ball
2-1: Swinging Strike
2-2: Foul Ball, location: 2F
2-2: Ball
3-2: SINGLE (Groundball, 3S) (infield hit)
Batting: RHB Jordan Hollins 0-0: Called Strike
0-1: Ball
1-1: Fly out, F6 (Line Drive, 6)
Batting: RHB Xavier Hernández 0-0: Foul Ball, location: 2F
0-1: Ground out 5-3 (Groundball, 5S)
Pedro Vásquez to second
Batting: RHB Lúcio Sánchez 0-0: Ball
1-0: Swinging Strike
1-1: Called Strike
1-2: Strikes out swinging
Top of the 1st over - 0 run(s), 1 hit(s), 0 error(s), 1 left on base; Provo 0 - Grand Forks 0
BOTTOM OF THE 1ST
Grand Forks Caterpillars batting - Pitching for Provo Mango : RHP Ángel López
Pitching: RHP Ángel López
Batting: RHB Alfredo García 0-0: Fly out, F9 (Flyball, 9M)
Batting: RHB Salvador Esparza 0-0: Ball
1-0: Bunt missed!
1-1: Foul Ball, location: 2F
1-2: Strikes out swinging
Batting: RHB Joseph Papasogli 0-0: Foul Ball, location: 2F
0-1: Called Strike
0-2: Strikes out swinging
Bottom of the 1st over - 0 run(s), 0 hit(s), 0 error(s), 0 left on base; Provo 0 - Grand Forks 0
TOP OF THE 2ND
Provo Mango batting - Pitching for Grand Forks Caterpillars : RHP Luis Villabos
Batting: SHB Jesús Herrera 0-0: Foul Ball, location: 2F
0-1: Called Strike
0-2: Foul Ball, location: 2F
0-2: Ball
1-2: Strikes out swinging
Batting: RHB John Moss 0-0: Swinging Strike
0-1: Ball
1-1: Swinging Strike
1-2: Foul Ball, location: 2F
1-2: Strikes out swinging
Batting: RHB Tomás Castillo 0-0: Ball
1-0: Ball
2-0: Called Strike
2-1: Called Strike
2-2: Strikes out looking
Top of the 2nd over - 0 run(s), 0 hit(s), 0 error(s), 0 left on base; Provo 0 - Grand Forks 0
BOTTOM OF THE 2ND
Grand Forks Caterpillars batting - Pitching for Provo Mango : RHP Ángel López
Batting: RHB Carlos Romero 0-0: SINGLE (Line Drive, 7S)
Batting: LHB Víctor Fortis 0-0: Ball
1-0: Called Strike
1-1: Ball
2-1: SINGLE (Line Drive, 9LS)
Carlos Romero to second
Runner from 2nd tries for 3rd, SAFE, no throw or cutoff
Batting: LHB Ricardo Collazo 0-0: Called Strike
0-1: Ball
1-1: Foul Ball, location: 2F
1-2: Ball
2-2: Fly out, F6 (Popup, 6)
Batting: RHB Clarros Ramada 0-0: Called Strike
0-1: Swinging Strike
0-2: Foul Ball, location: 2F
0-2: Fly out, F8 (Flyball, 8RM)
Runner from 3rd tags up, SCORES, no throw
Batting: RHB Lúcio Marín 0-0: Called Strike
0-1: Foul Ball, location: 2F
0-2: Fly out, F8 (Line Drive, 8RM)
Bottom of the 2nd over - 1 run(s), 2 hit(s), 0 error(s), 1 left on base; Provo 0 - Grand Forks 1
TOP OF THE 3RD
Provo Mango batting - Pitching for Grand Forks Caterpillars : RHP Luis Villabos
Batting: RHB Ronald Drumpf 0-0: Fly out, F9 (Popup, 4D)
Batting: RHB Mauro Longoria 0-0: Ball
1-0: Ground out 5-3 (Groundball, 5)
Batting: SHB Pedro Vásquez 0-0: Ball
1-0: Swinging Strike
1-1: Fly out, F8 (Flyball, 8RM)
Top of the 3rd over - 0 run(s), 0 hit(s), 0 error(s), 0 left on base; Provo 0 - Grand Forks 1
BOTTOM OF THE 3RD
Grand Forks Caterpillars batting - Pitching for Provo Mango : RHP Ángel López
Batting: RHB Gianpaolo Monachino 0-0: Called Strike
0-1: Ball
1-1: Ground out U3 (Groundball, 3L)
Batting: RHB Alfredo García 0-0: Ground out 6-3 (Groundball, 6M)
Batting: RHB Salvador Esparza 0-0: Fly out, F6 (Line Drive, 6)
Bottom of the 3rd over - 0 run(s), 0 hit(s), 0 error(s), 0 left on base; Provo 0 - Grand Forks 1
TOP OF THE 4TH
Provo Mango batting - Pitching for Grand Forks Caterpillars : RHP Luis Villabos
Batting: RHB Jordan Hollins 0-0: Ball
1-0: SINGLE (Flyball, 8RS)
Batting: RHB Xavier Hernández 0-0: Ball
1-0: Ball
2-0: DOUBLE (Line Drive, 9LS)
Jordan Hollins to third
Pitching: RHP Isei Sugimoto
Batting: RHB Lúcio Sánchez 0-0: Foul Ball, location: 2F
0-1: Foul Ball, location: 2F
0-2: Ball
1-2: Ball
2-2: Foul Ball, location: 2F
2-2: SINGLE (Line Drive, 6M)
Jordan Hollins scores
Xavier Hernández to third
Runner from 3rd tries for Home, throw and OUT!
Batting: SHB Jesús Herrera 0-0: Ball
Wild Pitch!
Lúcio Sánchez to second
1-0: Called Strike
1-1: Ball
2-1: Ground out U3 (Groundball, 3)
Lúcio Sánchez to third
Batting: RHB John Moss 0-0: Foul Ball, location: 2F
0-1: Ground out 5-3 (Groundball, 56)
Top of the 4th over - 1 run(s), 3 hit(s), 0 error(s), 1 left on base; Provo 1 - Grand Forks 1
BOTTOM OF THE 4TH
Grand Forks Caterpillars batting - Pitching for Provo Mango : RHP Ángel López
Batting: RHB Joseph Papasogli 0-0: Swinging Strike
0-1: Fly out, F7 (Flyball, 78M)
Batting: RHB Carlos Romero 0-0: Foul Ball, location: 2F
0-1: Called Strike
0-2: Ball
1-2: Ball
2-2: Strikes out looking
Batting: LHB Víctor Fortis 0-0: Called Strike
0-1: Ball
1-1: Ball
2-1: Foul Ball, location: 2F
2-2: Strikes out swinging
Bottom of the 4th over - 0 run(s), 0 hit(s), 0 error(s), 0 left on base; Provo 1 - Grand Forks 1
TOP OF THE 5TH
Provo Mango batting - Pitching for Grand Forks Caterpillars : RHP Isei Sugimoto
Batting: RHB Tomás Castillo 0-0: Fly out, F7 (Flyball, 78M)
Batting: RHB Ronald Drumpf 0-0: Called Strike
0-1: Called Strike
0-2: Strikes out looking
Batting: RHB Mauro Longoria 0-0: Swinging Strike
0-1: Called Strike
0-2: Strikes out swinging
Top of the 5th over - 0 run(s), 0 hit(s), 0 error(s), 0 left on base; Provo 1 - Grand Forks 1
BOTTOM OF THE 5TH
Grand Forks Caterpillars batting - Pitching for Provo Mango : RHP Ángel López
Batting: LHB Ricardo Collazo 0-0: Called Strike
0-1: Swinging Strike
0-2: Ball
1-2: Foul Ball, location: 2F
1-2: Strikes out swinging
Batting: RHB Clarros Ramada 0-0: Called Strike
0-1: Fly out, F2 (Popup, 2LF)
Batting: RHB Lúcio Marín 0-0: Fly out, F3 (Popup, 3F)
Bottom of the 5th over - 0 run(s), 0 hit(s), 0 error(s), 0 left on base; Provo 1 - Grand Forks 1
TOP OF THE 6TH
Provo Mango batting - Pitching for Grand Forks Caterpillars : RHP Isei Sugimoto
Batting: SHB Pedro Vásquez 0-0: Ball
1-0: Bunt for hit - play at first, batter OUT! 1-3
Batting: RHB Jordan Hollins 0-0: SINGLE (Groundball, 5D)
Batting: RHB Xavier Hernández 0-0: Ball
1-0: Ball
2-0: Fly out, F7 (Flyball, 7M)
Batting: RHB Lúcio Sánchez 0-0: Ball
1-0: SINGLE (Groundball, 56D)
Jordan Hollins to second
Batting: SHB Jesús Herrera 0-0: Ball
1-0: Fly out, F7 (Flyball, 7LM)
Top of the 6th over - 0 run(s), 2 hit(s), 0 error(s), 2 left on base; Provo 1 - Grand Forks 1
BOTTOM OF THE 6TH
Grand Forks Caterpillars batting - Pitching for Provo Mango : RHP Ángel López
Batting: RHB Gianpaolo Monachino 0-0: Ball
1-0: Called Strike
1-1: Foul Ball, location: 2F
1-2: Foul Ball, location: 2F
1-2: Ground out 5-3 (Groundball, 56)
Batting: RHB Alfredo García 0-0: Foul Ball, location: 2F
0-1: Ground out 6-3 (Groundball, 6)
Batting: RHB Salvador Esparza 0-0: Fly out, F7 (Flyball, 7M)
Bottom of the 6th over - 0 run(s), 0 hit(s), 0 error(s), 0 left on base; Provo 1 - Grand Forks 1
TOP OF THE 7TH
Provo Mango batting - Pitching for Grand Forks Caterpillars : RHP Isei Sugimoto
Batting: RHB John Moss 0-0: Foul Ball, location: 2F
0-1: Fly out, F7 (Flyball, 7M)
Pinch Hitting: RHB Jim Unknown 0-0: Ground out 5-3 (Groundball, 56)
Batting: RHB Ronald Drumpf 0-0: SINGLE (Groundball, 56)
Batting: RHB Mauro Longoria 0-0: Ball
1-0: Ground out 6-3 (Groundball, 6)
Top of the 7th over - 0 run(s), 1 hit(s), 0 error(s), 1 left on base; Provo 1 - Grand Forks 1
BOTTOM OF THE 7TH
Grand Forks Caterpillars batting - Pitching for Provo Mango : RHP Ángel López
Now in LF: Jim Unknown
Batting: RHB Joseph Papasogli 0-0: Called Strike
0-1: Foul Ball, location: 2F
0-2: Ball
1-2: Foul Ball, location: 2F
1-2: Strikes out looking
Batting: RHB Carlos Romero 0-0: Ground out 5-3 (Groundball, 56)
Batting: LHB Víctor Fortis 0-0: Ground out 5-3 (Groundball, 56S)
Bottom of the 7th over - 0 run(s), 0 hit(s), 0 error(s), 0 left on base; Provo 1 - Grand Forks 1
TOP OF THE 8TH
Provo Mango batting - Pitching for Grand Forks Caterpillars : RHP Isei Sugimoto
Pinch Hitting: LHB Jim Unknown 0-0: Ball
1-0: Ball
2-0: Swinging Strike
2-1: Called Strike
2-2: Foul Ball, location: 2F
2-2: Ball
3-2: Foul Ball, location: 2F
3-2: Base on Balls
Batting: RHB Jordan Hollins 0-0: Reached on error, E5 (Groundball, 56S)
Jim Unknown to third
Batting: RHB Xavier Hernández 0-0: Ground out 1-3 (Groundball, 13S)
Batting: RHB Lúcio Sánchez 0-0: Called Strike
0-1: Swinging Strike
0-2: Ground out 4-3 (Groundball, 4)
Pinch Hitting: RHB Santiago Ramos 0-0: Ball
1-0: SINGLE (Groundball, 34D)
Jim Unknown scores
Jordan Hollins to third
Runner from 3rd tries for Home, SAFE, no throw or cutoff
Batting: RHB John Moss 0-0: Ball
1-0: Ball
2-0: Swinging Strike
2-1: SINGLE (Line Drive, 6MD)
Santiago Ramos to second
Pitching: LHP Rio Bavin
Batting: RHB Jim Unknown 0-0: Foul Ball, location: 2F
0-1: Ball
1-1: Called Strike
1-2: Foul Ball, location: 2F
1-2: Fielders Choice at 2nd, U4 (Groundball, 4M)
Top of the 8th over - 2 run(s), 2 hit(s), 1 error(s), 2 left on base; Provo 3 - Grand Forks 1
BOTTOM OF THE 8TH
Grand Forks Caterpillars batting - Pitching for Provo Mango : RHP Ángel López
Now in LF: Jim Unknown
Now in CF: Tom Oglander
Batting: LHB Ricardo Collazo 0-0: Ground out 5-3 (Groundball, 5)
Batting: RHB Clarros Ramada 0-0: Ground out 6-3 (Groundball, 56)
Batting: RHB Lúcio Marín 0-0: Called Strike
0-1: Ball
1-1: SINGLE (Groundball, 6MD)
Batting: RHB Gianpaolo Monachino 0-0: SINGLE (Groundball, 56D)
Lúcio Marín to second
Batting: RHB Alfredo García 0-0: Called Strike
0-1: Ball
1-1: Ball
2-1: DOUBLE (Line Drive, 7D)
Lúcio Marín scores
Gianpaolo Monachino to third
Runner from 3rd tries for Home, SAFE, no throw or cutoff
Batting: RHB Salvador Esparza 0-0: Ball
1-0: Called Strike
1-1: Called Strike
1-2: SINGLE (Flyball, 78S)
Alfredo García to third
Runner from 3rd tries for Home, SAFE, no throw or cutoff
Batting: RHB Joseph Papasogli 0-0: SINGLE (Line Drive, 8LS)
Salvador Esparza to second
Batting: RHB Carlos Romero 0-0: Called Strike
0-1: Fly out, F8 (Line Drive, 8LS)
Bottom of the 8th over - 3 run(s), 5 hit(s), 0 error(s), 2 left on base; Provo 3 - Grand Forks 4
TOP OF THE 9TH
Provo Mango batting - Pitching for Grand Forks Caterpillars : LHP Rio Bavin
Pitching: RHP Olegário Pa
Batting: RHB Ronald Drumpf 0-0: Ball
1-0: Ball
2-0: Called Strike
2-1: Ball
3-1: Base on Balls
Batting: RHB Mauro Longoria 0-0: Bunted foul
0-1: Bunt missed!
0-2: Ball
1-2: Fly out, F9 (Flyball, 89M)
Batting: LHB Jim Unknown 0-0: Grounds into double play, 6-4-3 (Groundball, 6)
Top of the 9th over - 0 run(s), 0 hit(s), 0 error(s), 0 left on base; Provo 3 - Grand Forks 4
This league is powered by Out of the Park Baseball, the baseball management simulation game for PC, Mac and Linux
Friday, July 8th, 2016 - OOTP Baseball 16.9 Build 39